 Dungeon Crawl Stone Soup version 0.19.0-11-g3fc08b3 (webtiles) character file.

70188 Chiseanne the Hand of Shadow (level 14, -4/106 HPs)
             Began as a Demonspawn Wizard on Nov 9, 2016.
             Was a High Priest of Dithmenos.
             Slain by a faun
             ... wielding a +0 quarterstaff
             ... led by a satyr
              (9 damage)
             ... on level 3 of the Shoals.
             The game lasted 03:05:35 (28372 turns).

Chiseanne the Hand of Shadow (Demonspawn Wizard)   Turns: 28372, Time: 03:05:36

Health: -4/106     AC: 15    Str:  9    XL:     14   Next: 93%
Magic:  18/24      EV: 23    Int: 21    God:    Dithmenos [*****.]
Gold:   660        SH:  0    Dex: 19    Spells: 7 memorised, 4 levels left

rFire  . . .     SeeInvis .     s - +0 rapier (venom)
rCold  + . .     Gourm    .     D - +3 leather armour {rPois}
rNeg   + + +     Faith    .     (no shield)
rPois  ∞         Spirit   .     b - +0 hat
rElec  .         Reflect  .     C - +1 cloak
rCorr  .         Harm     +     S - +2 pair of gloves
MR     +++++                    X - +1 pair of boots {Stlth+}
Stlth  ++++++++++               u - amulet of harm
                                m - +5 ring of dexterity
                                f - +5 ring of evasion

@: lethally poisoned (-4 -> -4), about to teleport, shadow-form, slowed,
wreathed by umbra, drained, invisible, very slow
A: antennae 1, slimy green scales 1, cold resistance 1, nightstalker 3, powered
by pain 2
a: End Transformation, Shadow Step, Shadow Form, Renounce Religion


You were on level 3 of the Shoals.
You worshipped Dithmenos.
Dithmenos was extremely pleased with you.
You were hungry.
You were a swirling mass of dark shadows.
You visited 5 branches of the dungeon, and saw 24 of its levels.
You also visited: Ossuary.

You collected 2776 gold pieces.
You spent 2116 gold pieces at shops.

Inventory:

Hand Weapons
 a - a +5 dagger of venom
 e - a +2 shortbow of velocity
 s - a +0 rapier of venom (weapon)
 w - a +0 blowgun
Missiles
 j - 7 curare-tipped needles
 p - 69 poisoned needles
 y - 3 throwing nets (quivered) {!*}
 B - 516 arrows
 E - 413 bolts
Armour
 b - a +0 hat (worn)
 r - a +0 troll leather armour {Snorg}
 v - a +2 robe of the Archmagi
 C - a +1 cloak (worn)
 D - a +3 leather armour of poison resistance (worn)
 O - the +1 leather armour of the Eight Hells {rElec rF- MR+}
   (You found it on level 3 of the Lair of Beasts)

   It makes you vulnerable to fire.
   It insulates you from electricity.
   It affects your resistance to hostile enchantments.
 P - a +2 robe of positive energy
 S - a +2 pair of gloves (worn)
 X - a +1 pair of boots of stealth (worn)
Jewellery
 f - a +5 ring of evasion (left hand)
 l - an uncursed ring of flight
 m - a +5 ring of dexterity (right hand)
 u - an amulet of harm (around neck)
Wands
 t - a wand of iceblast (8/15)
 K - a wand of teleportation (0/9)
 W - a wand of paralysis (7/24)
Scrolls
 g - 3 scrolls of blinking
 q - 7 scrolls of identify
 x - a scroll of amnesia
 T - 8 scrolls of remove curse
 Z - a scroll of magic mapping
Potions
 h - a potion of magic
 i - a potion of cure mutation
 k - 2 potions of flight
 n - 7 potions of curing
 o - a potion of cancellation
 A - a potion of ambrosia
 G - 3 potions of brilliance
 J - 2 potions of might
 L - 5 potions of heal wounds
 N - a potion of agility
 Q - a potion of resistance
 R - 3 potions of berserk rage
 U - a potion of haste
Books
 z - a book of Power

   Spells                             Type                      Level
   a - Fulminant Prism                Conjuration/Hexes            4
   b - Iskenderun's Mystic Blast      Conjuration                  4
   c - Venom Bolt                     Conjuration/Poison           5
   d - Bolt of Magma                  Conjuration/Fire/Earth       5
   e - Iron Shot                      Conjuration/Earth            6
   f - Orb of Destruction             Conjuration                  7
   g - Spellforged Servitor           Conjuration/Summoning        7
 F - a book of Maledictions

   Spells                             Type                      Level
   a - Corona                         Hexes                        1
   b - Ensorcelled Hibernation        Hexes/Ice                    2
   c - Confuse                        Hexes                        3
   d - Tukima's Dance                 Hexes                        3
   e - Dazzling Spray                 Conjuration/Hexes            3
 H - a book of the Warp

   Spells                             Type                      Level
   a - Gell's Gravitas                Hexes/Translocation          3
   b - Portal Projectile              Translocation                3
   c - Force Lance                    Conjuration/Translocation    4
   d - Dispersal                      Translocation                6
   e - Controlled Blink               Translocation                8
   f - Disjunction                    Translocation                8
 I - a book of Battle

   Spells                             Type                      Level
   a - Infusion                       Charms                       1
   b - Shroud of Golubria             Charms/Translocation         2
   c - Song of Slaying                Charms                       2
   d - Spectral Weapon                Hexes/Charms                 3
   e - Regeneration                   Charms/Necromancy            3
Comestibles
 c - 4 meat rations
 d - 13 bread rations


   Skills:
 - Level 8.8(8.2) Fighting
 - Level 10.0(9.4) Short Blades
 * Level 4.0(3.5) Armour
 - Level 9.6(9.0) Dodging
 - Level 9.8(9.2) Stealth
 * Level 6.8(6.3) Spellcasting
 - Level 2.8(2.4) Conjurations
   Level 1.0(0.5) Summonings
 - Level 7.2(6.7) Translocations
 - Level 6.5(6.0) Air Magic
 - Level 5.5(5.0) Poison Magic
 - Level 12.8(12.2) Invocations
 - Level 5.3(4.8) Evocations


You had 4 spell levels left.
You knew the following spells:

 Your Spells              Type           Power        Failure   Level  Hunger
a - Shroud of Golubria    Chrm/Tloc      #.........   8%          2    None
b - Mephitic Cloud        Conj/Pois/Air  #.......     8%          3    #......
c - Blink                 Tloc           N/A          1%          2    None
d - Repel Missiles        Chrm/Air       #.....       8%          2    None
e - Controlled Blink      Tloc           N/A          100%        8    #######
f - Regeneration          Chrm/Necr      #.........   38%         3    #......
g - Song of Slaying       Chrm           #.......     21%         2    None


Dungeon Overview and Level Annotations

Branches:
Dungeon (11/15)            Temple (1/1) D:4            Lair (6/6) D:11
 Shoals (4/4) Lair:4       Spider (0/4) Lair:3        Slime (0/5) Lair:6
    Orc (2/2) D:10            Elf (0/3) Orc:2

Altars:
Ashenzari
Cheibriados
Dithmenos
Fedhas
Hepliaklqana
Makhleb
Qazlal
Ru
Sif Muna
Trog
Xom
Yredelemnul
The Shining One
Jiyva

Shops:
Orc:2 !:(*%

Annotations:
D:3 MovingMist's ghost, amateur HOFi
D:4 Bubs's ghost, amateur GrFi
Lair:6 exclusion: oklob plant
Shoals:2 exclusions: downstairs, manticore, merfolk, sea snake and snapping turtle
Shoals:3 exclusions: faun and satyr
Shoals:4 exclusion: 2 harpies, Ilsuiw
Orc:2 exclusion: upstairs


Innate Abilities, Weirdness & Mutations

You have a pair of small antennae on your head.
You are partially covered in slimy green scales. (AC +2)
Your flesh is cold resistant. (rC+)
You are completely attuned to the shadows.
You sometimes gain power by taking damage.


Message History

The water elemental completely misses you.
You turn into a swirling mass of dark shadows.
You feel drained.
You fade into the shadows.
The sea snake misses you.
The satyr unwields an uncursed quarterstaff.
The satyr wields an uncursed longbow.
The satyr shoots an arrow.
The arrow closely misses you. The faun closely misses you.
The water elemental closely misses you. The sea snake closely misses you.
The faun misses you.
Okay, then.
Evoke which item? (* to show all) (? for menu, Esc to quit)
Zapping:
K - a wand of teleportation {zapped: 3} (will waste charges)
Press: ? - help, Shift-Dir - straight line, f - you, p - satyr You feel strangely unstable.
Evoking this partially-identified wand wasted a few charges.
The water elemental misses you.
The satyr shoots an arrow.
The arrow hits you!!
* * * LOW HITPOINT WARNING * * *
You emit a cloud of dark smoke.
You focus on the pain.
You feel your power returning.
You feel drained. The sea snake misses you.
The faun hits you with an uncursed quarterstaff!
You die...

.....≈≈≈≈E###.≈≈≈≈≈≈≈≈≈≈≈≈≈.(# #
.....≈≈≈≈.# #.≈≈≈≈≈≈≈≈≈≈≈≈≈≈.##.
#..≈≈≈≈m≈≈###.≈≈≈≈.≈≈≈≈≈≈.>?≈...
##..≈.≈≈≈≈)>(.≈≈≈≈..≈≈≈......≈≈≈.
......≈≈≈≈....≈≈≈≈≈.....#....≈..≈
.≈))...≈..###m≈≈......####......≈
≈≈.÷##...## ##(§.##..## #..≈≈≈≈≈
≈..####### ###.E###### #.≈≈≈≈≈≈
..## #..≈cW# #tP≈≈≈≈≈ ###
#..≈§Sc# ..≈≈≈≈≈≈ ... ..≈≈≈≈≈...
≈≈≈≈≈ ... .≈≈≈≈≈....


P≈PP≈P≈ ... ≈≈≈≈≈≈.#... ..(≈≈≈P≈ ... ≈≈≈≈≈≈... #.≈≈≈≈≈≈ ≈..≈m≈..≈ #.≈≈P≈≈÷
≈≈...≈≈.≈≈≈≈.# ##PP≈≈≈≈. ≈≈≈≈...≈≈≈.≈≈≈≈..##.PP..≈≈. You could see a merfolk
impaler, a satyr, a sea snake, a faun and a water elemental.

Vanquished Creatures
  A dire elephant (Lair:6)
  A merfolk javelineer (Shoals:4)
  Snorg (Lair:5)
  An ogre mage (Orc:2)
  2 hydras
  3 catoblepae
  2 merfolk avatars
  4 death yaks (Lair:6)
  A deep troll shaman (Lair:6)
  Urug (Lair:2)
  4 sea snakes
  2 hill giants
  2 harpies (Shoals:4)
  2 cyclopes
  An orb spider (Lair:3)
  5 manticores
  4 orc sorcerers
  8 fauns
  An oklob plant (Lair:6)
  2 sirens (Shoals:3)
  22 elephants
  2 black mambas
  Maurice (D:8)
  11 spiny frogs
  A gargoyle (D:10)
  A water nymph (Shoals:1)
  7 komodo dragons
  2 rime drakes
  2 polar bears (Lair:6)
  7 merfolk
  3 trolls
  Grinder (D:6)
  3 two-headed ogres (Orc:2)
  A hornet (D:7)
  A dream sheep (Shoals:1)
  4 snapping turtles
  11 hippogriffs
  13 blink frogs
  A spriggan (D:7)
  3 water elementals
  7 wyverns
  2 wraiths (Ossuary)
  36 yaks
  A mottled dragon (D:11)
  A steam dragon (Lair:2)
  5 basilisks
  2 wargs (Orc:2)
  7 porcupines
  22 water moccasins
  A hornet zombie (D:10)
  43 orc warriors
  3 black bears
  3 ice beasts
  A sky beast (D:9)
  7 ogres
  2 phantoms
  19 centaurs
  17 wolves
  8 crocodiles
  A big kobold (D:7)
  14 bullfrogs
  3 gnoll sergeants
  3 killer bees (D:8)
  7 wights
  5 howler monkeys
  An electric eel (Lair:4)
  4 crimson imps
  2 bullfrog zombies
  3 quasits
  13 orc priests
  A hound (D:4)
  3 jellies
  Crazy Yiuf (D:2)
  3 bullfrog skeletons
  19 orc wizards
  2 centaur skeletons
  2 iguanas (D:6)
  Natasha (thrice) (D:4)
  12 worker ants
  2 hound zombies
  3 hound skeletons
  A howler monkey zombie (D:7)
  A mummy (D:8)
  3 worker ant zombies
  12 adders
  9 gnolls
  6 river rats (D:11)
  5 shadow imps
  2 adder zombies (Ossuary)
  3 adder skeletons
  2 worms
  5 leopard geckos
  92 orcs
  2 ball pythons
  6 giant cockroaches
  6 goblins
  6 hobgoblins
  16 jackals
  6 kobolds
  7 quokkas
  A ball python skeleton (Ossuary)
  12 bats
  4 frilled lizards
  2 gnoll zombies (D:8)
  2 goblin zombies (D:8)
  A hobgoblin skeleton (Ossuary)
  A hobgoblin zombie (Ossuary)
  A jackal skeleton (D:8)
  3 kobold zombies (Ossuary)
  A leopard gecko skeleton (D:8)
  2 orc skeletons (Ossuary)
  A quokka skeleton (D:4)
  11 rats
  3 fungi
674 creatures vanquished.

Vanquished Creatures (collateral kills)
  A two-headed ogre (Orc:2)
  An ogre (Orc:2)
  An orc priest (Orc:2)
3 creatures vanquished.

Vanquished Creatures (others)
  A yak (D:9)
  A jelly (D:9)
  An orc (Orc:1)
  A bat (D:11)
  19 fungi
  7 plants
30 creatures vanquished.

Grand Total: 707 creatures vanquished

Notes
Turn   | Place    | Note
-------+----------+-------------------------------------------
     0 | D:1      | Chiseanne the Demonspawn Wizard began the quest for the Orb.
     0 | D:1      | Reached XP level 1. HP: 13/13 MP: 4/4
   390 | D:1      | Gained mutation: You sometimes gain a little power by taking damage. [demonic ancestry]
   390 | D:1      | Reached XP level 2. HP: 19/19 MP: 3/6
   441 | D:1      | Chiseanne: thats mana gain yeah
  1102 | D:1      | You fall through a shaft!
  1256 | D:3      | Gained mutation: You are slightly more attuned to the shadows. [demonic ancestry]
  1256 | D:3      | Reached XP level 3. HP: 2/24 MP: 0/8
  1256 | D:3      | HP: 1/24 [poisoned by an adder]
  1258 | D:3      | Chiseanne: phew :D
  1258 | D:3      | Chiseanne: *sweat*
  1488 | D:3      | WhatIsLove: i should have more fait in you
  1501 | D:3      | Chiseanne: !
  1513 | D:3      | Chiseanne: now you talk!
  1703 | D:2      | WhatIsLove: chug! chug! chug! chug!
  1703 | D:2      | Chiseanne: that also show the worht of having ev ^^
  2210 | D:2      | Found a faded altar of an unknown god.
  2215 | D:2      | Gained mutation: You are significantly more attuned to the shadows. [demonic ancestry]
  2215 | D:2      | Reached XP level 4. HP: 30/30 MP: 9/9
  2357 | D:2      | Found a runed door.
  2391 | D:2      | Noticed Crazy Yiuf
  2412 | D:2      | Killed Crazy Yiuf
  2767 | D:3      | Learned a level 3 spell: Mephitic Cloud
  2770 | D:3      | Learned a level 2 spell: Blink
  2773 | D:3      | Learned a level 2 spell: Repel Missiles
  2818 | D:3      | Noticed MovingMist's ghost (amateur HOFi)
  3095 | D:3      | Found a deep blue altar of Sif Muna.
  3096 | D:3      | Chiseanne: hmmmmm
  3096 | D:3      | Chiseanne: :D
  3468 | D:4      | Found a hazy altar of Hepliaklqana.
  3473 | D:4      | Chiseanne: what do you think ? dith ?
  3473 | D:4      | Chiseanne: for becoming even more stealthy?
  3473 | D:4      | WhatIsLove: i donn't know
  3473 | D:4      | Chiseanne: lets try that
  3474 | D:4      | Noticed Natasha
  3571 | D:4      | Killed Natasha
  3571 | D:4      | Reached skill level 1 in Short Blades
  3571 | D:4      | Reached XP level 5. HP: 35/35 MP: 10/10
  3782 | D:4      | Noticed Natasha
  3790 | D:4      | Killed Natasha
  3799 | D:4      | Gained mutation: You are partially covered in slimy green scales. (AC +2) [demonic ancestry]
  3799 | D:4      | Reached XP level 6. HP: 37/41 MP: 6/11
  3944 | D:4      | Noticed Natasha
  3947 | D:4      | Killed Natasha
  4158 | D:4      | Chiseanne: thats weird..if you try the scrolls and you try noise you mostly get tele soon after
  4160 | D:4      | Chiseanne: wich is a good thing
  4384 | D:4      | Found a staircase to the Ecumenical Temple.
  4400 | Temple   | Entered the Ecumenical Temple
  4433 | Temple   | Became a worshipper of Dithmenos the Shadowed
  4513 | D:4      | Noticed Bubs's ghost (amateur GrFi)
  4549 | D:4      | WhatIsLove: to hell with your superstitions
  4551 | D:5      | Entered Level 5 of the Dungeon
  4552 | D:5      | Chiseanne: lol
  4584 | D:5      | Chiseanne: thanks that really helped :D
  4683 | D:5      | Found a shattered altar of Ashenzari.
  5370 | D:5      | Reached XP level 7. HP: 46/46 MP: 12/12
  5633 | D:5      | Chiseanne: ok thats not bad
  5661 | D:6      | Got an ancient iron amulet
  5772 | D:6      | Found a burning altar of Makhleb.
  5806 | D:6      | Reached skill level 1 in Fighting
  5914 | D:6      | Reached * piety under Dithmenos
  5965 | D:6      | Noticed Grinder
  5974 | D:6      | Paralysed by Grinder for 3 turns
  5998 | D:6      | Paralysed by Grinder for 4 turns
  6007 | D:6      | Killed Grinder
  6007 | D:6      | Reached skill level 5 in Stealth
  6172 | D:6      | Reached XP level 8. HP: 38/57 MP: 3/13
  6748 | D:7      | Reached skill level 5 in Dodging
  7343 | D:7      | Noticed a hornet
  7354 | D:7      | Paralysed by a hornet for 1 turns
  7357 | D:7      | Killed a hornet
  7655 | D:6      | Noticed a cyclops
  7830 | D:6      | Reached skill level 5 in Fighting
  7830 | D:6      | Gained mutation: You are completely attuned to the shadows. [demonic ancestry]
  7830 | D:6      | Reached XP level 9. HP: 57/68 MP: 2/14
  8202 | D:7      | Reached skill level 1 in Poison Magic
  8223 | D:7      | Reached skill level 1 in Air Magic
  8354 | D:7      | Reached ** piety under Dithmenos
  8454 | D:6      | Chiseanne: yeah right
  8575 | D:6      | Chiseanne: I fucking hate it
  8575 | D:6      | Chiseanne: evey time it gets rough syou fumble any spell at 1%
  8575 | D:6      | WhatIsLove: facestones are hard as always
  8575 | D:6      | Chiseanne: no..theres a lot of stupid shit in the code messing wiht us :-/
  8575 | D:6      | Chiseanne: you wouldnt believe how many times I had 2 fumbles in a row with firestorm at 1% miscast probability...sucks
  8578 | D:6      | WhatIsLove: are you sure
  8578 | D:6      | Chiseanne: absolutely sir
  8578 | D:6      | WhatIsLove: maybe some demonspawn defubbed your magic
  8578 | D:6      | Chiseanne: no doubt about it
  8583 | D:6      | Chiseanne: 27 ev..but sure
  8587 | D:6      | Killed a cyclops
  8977 | D:6      | WhatIsLove: you are still is easy target
  8977 | D:6      | WhatIsLove: even with umbra -accuracy on enemies, still lol
  8977 | D:6      | Chiseanne: last time I had ev char I was at 49 ev and just got killed with a single stroke
  8977 | D:6      | Chiseanne: still easy target then?
  8977 | D:6      | WhatIsLove: great
  8977 | D:6      | Chiseanne: ev sucks
  8977 | D:6      | Chiseanne: without ac behind it
  8977 | D:6      | WhatIsLove: easy target for splash damage
  8977 | D:6      | WhatIsLove: lol
  8977 | D:6      | Chiseanne: haha
  8982 | D:6      | Chiseanne: stlth almost maxxed
  8982 | D:6      | Identified the amulet "Vutzop" {Inacc Str+10 Dex-4 Stlth-} (You found it on level 6 of the Dungeon)
  8983 | D:6      | Chiseanne: meh
  8983 | D:6      | Chiseanne: shit
 10660 | D:8      | Got an encrusted quarterstaff
 10740 | D:8      | Found a sand-covered staircase.
 10745 | Ossuary  | Entered an ossuary
 10796 | Ossuary  | Reached *** piety under Dithmenos
 10938 | Ossuary  | Reached XP level 10. HP: 47/76 MP: 9/17
 11182 | Ossuary  | Identified the cursed +3 quarterstaff of the Sky {flame, +Rage rF- Dex+3} (You found it on level 8 of the Dungeon)
 11191 | D:8      | Noticed Maurice
 11193 | D:8      | Killed Maurice
 11196 | D:8      | Chiseanne: there is no honour amongst thieves ;-P
 11347 | D:8      | Found a sacrificial altar of Ru.
 11780 | D:8      | WhatIsLove: damn you stink
 11785 | D:8      | Chiseanne: haha
 11842 | D:8      | Reached **** piety under Dithmenos
 12100 | D:8      | Found a basalt altar of Yredelemnul.
 12669 | D:9      | Gained mutation: You have a pair of small antennae on your head. [demonic ancestry]
 12669 | D:9      | Reached XP level 11. HP: 84/84 MP: 13/18
 12670 | D:9      | Chiseanne: MEH
 12670 | D:9      | Chiseanne: the worst!
 12670 | D:9      | Chiseanne: making some drink brb
 12670 | D:9      | WhatIsLove: on stalker and antenna lvl3
 12670 | D:9      | WhatIsLove: you will spot them before they do
 12670 | D:9      | WhatIsLove: every one
 12670 | D:9      | Chiseanne: fuck dat shit..Id rather have sharp toenails now
 12670 | D:9      | Chiseanne: but ok thats an argument
 12670 | D:9      | Chiseanne: lets see
 12994 | D:9      | Reached skill level 5 in Poison Magic
 13011 | D:9      | Reached ***** piety under Dithmenos
 13053 | D:9      | WhatIsLove: activate repel
 13060 | D:9      | Chiseanne: ok yes thy
 13060 | D:9      | Chiseanne: thx
 13450 | D:10     | Entered Level 10 of the Dungeon
 13984 | D:10     | Found a staircase to the Orcish Mines.
 14191 | D:10     | Reached skill level 1 in Translocations
 14230 | D:10     | Reached skill level 5 in Air Magic
 14472 | D:10     | Noticed a hill giant
 14493 | D:10     | Killed a hill giant
 14546 | D:10     | Chiseanne: ok lets see if we can find something down there at orcs
 14546 | D:10     | Chiseanne: hopefully a good shop
 14557 | Orc:1    | Entered Level 1 of the Orcish Mines
 14585 | Orc:1    | Chiseanne: I wish they would stop running around like headless chicken while I try to murder them!
 14782 | Orc:1    | WhatIsLove: join Uskayaw then, he will paralyze them for you to go on stabbing frenzy
 14783 | Orc:1    | Chiseanne: yeah I know..ites tempting!
 14824 | Orc:1    | WhatIsLove: plus they get their pain shared and almost everytime die all at once, only when you stab one of them
 14824 | Orc:1    | Chiseanne: wow nice
 14839 | Orc:1    | Noticed an orc sorcerer
 14842 | Orc:1    | Killed an orc sorcerer
 14871 | Orc:1    | Chiseanne: this is even better than a spriggan ..except the runspeed
 14891 | Orc:1    | Chiseanne: how did I just kill him?
 14891 | Orc:1    | WhatIsLove: whom
 14891 | Orc:1    | Chiseanne: through a miscast? is that possible?
 14891 | Orc:1    | Chiseanne: the priest
 14900 | Orc:1    | WhatIsLove: wasnt he poisoned?
 14936 | Orc:1    | Chiseanne: not that I know
 14936 | Orc:1    | Chiseanne: maybe one of the stinkers did it
 14965 | Orc:1    | WhatIsLove: someone fumed could hit him
 14965 | Orc:1    | Chiseanne: while confused
 14965 | Orc:1    | Chiseanne: aye
 15201 | Orc:1    | Chiseanne: maybe I bleed smoke
 15201 | Orc:1    | Chiseanne: bled
 15201 | Orc:1    | WhatIsLove: so what, it is harmless
 15201 | Orc:1    | WhatIsLove: only for covering the scene
 15571 | Orc:2    | Entered Level 2 of the Orcish Mines
 15650 | Orc:1    | Noticed an orc sorcerer
 15654 | Orc:1    | Killed an orc sorcerer
 15711 | Orc:2    | Noticed an ogre mage
 15721 | Orc:2    | Chiseanne: see what I mean?
 15721 | Orc:2    | Chiseanne: 6% chance to miscast
 15721 | Orc:2    | Chiseanne: but in stress its more like 70%
 15721 | Orc:2    | Killed an ogre mage
 15724 | Orc:2    | WhatIsLove: it had to happen at some point lol
 15728 | Orc:2    | Chiseanne: that happens a lot
 15737 | Orc:2    | Chiseanne: 1%
 15737 | Orc:2    | WhatIsLove: freakin Trump created statistical anomalies, damn it
 15737 | Orc:2    | Chiseanne: believe me..firestorms at one percent gets miscast like 2 times or more in a row..thats almost impossible yet it happens pretty frequently
 15737 | Orc:2    | Chiseanne: haha
 15927 | Orc:2    | Chiseanne: or that
 15938 | Orc:2    | Gained mutation: Your flesh is cold resistant. (rC+) [demonic ancestry]
 15938 | Orc:2    | Reached XP level 12. HP: 74/93 MP: 3/19
 15939 | Orc:2    | Chiseanne: nice set
 16172 | Orc:2    | WhatIsLove: stealth up the ass
 16176 | Orc:2    | WhatIsLove: from mutatuin and from dith
 16176 | Orc:2    | Chiseanne: aye
 16256 | Orc:2    | Chiseanne: as I heard theres no cap on stealth so I keep pushing it , right? or do you have other informations?
 16314 | Orc:2    | WhatIsLove: not sure, seems like it only will help you if you decide to wear more encumbreable armour
 16314 | Orc:2    | Chiseanne: hmm was talking to yermak once and he said theres no cap on it and it makes sense to train it further..so hmm
 16314 | Orc:2    | Chiseanne: not sure but sounds about right what you just said
 16327 | Orc:2    | WhatIsLove: make like a
 16327 | Orc:2    | WhatIsLove: shadow
 16327 | Orc:2    | Chiseanne: 91%
 16327 | Orc:2    | WhatIsLove: omg
 16327 | Orc:2    | WhatIsLove: yeah.
 16328 | Orc:2    | Chiseanne: meh I should have scouted the area above
 16354 | Orc:2    | Reached skill level 1 in Invocations
 16391 | Orc:2    | Chiseanne: how bad is the skill drain? never did that
 16402 | Orc:2    | WhatIsLove: you will get drained a little on every hit you take
 16406 | Orc:2    | WhatIsLove: only on hits
 16537 | Orc:2    | Reached skill level 2 in Invocations
 16543 | Orc:2    | Chiseanne: ah
 16543 | Orc:2    | Chiseanne: ok
 16543 | Orc:2    | Chiseanne: so ev is very helpful here
 16560 | Orc:2    | Reached ****** piety under Dithmenos
 16572 | Orc:2    | Reached skill level 3 in Invocations
 16795 | Orc:2    | WhatIsLove: you know repel can help even with some bolts
 16795 | Orc:2    | Chiseanne: ah thanks I keep forgetting it
 16845 | Orc:2    | Reached skill level 4 in Invocations
 16905 | Orc:2    | Vajrapani: I'm curious why dithmenos was chose over vehumet and sif
 16928 | Orc:2    | Chiseanne: I got weird mutations and decided to skill different
 16928 | Orc:2    | Vajrapani: ah, okay
 16928 | Orc:2    | Chiseanne: so Im at maximum stealth now
 17201 | Orc:2    | Reached skill level 5 in Invocations
 17365 | Orc:2    | Reached skill level 6 in Invocations
 17591 | Orc:2    | Reached skill level 7 in Invocations
 17729 | Orc:2    | Found Fisept's Weapon Boutique.
 17729 | Orc:2    | Found Poynk's Book Shoppe.
 17729 | Orc:2    | Found Tebagino's Distillery.
 17730 | Orc:2    | Found Xivueqy's General Store.
 17741 | Orc:2    | Bought a book of the Warp for 1350 gold pieces
 17750 | Orc:2    | Learned a level 8 spell: Controlled Blink
 17753 | Orc:2    | Bought a +2 pair of gloves for 247 gold pieces
 17753 | Orc:2    | Bought a scroll of magic mapping for 52 gold pieces
 17758 | Orc:2    | Bought a +0 pair of boots for 67 gold pieces
 17772 | Orc:2    | Bought a potion of haste for 160 gold pieces
 17772 | Orc:2    | Bought a potion of lignification for 48 gold pieces
 17772 | Orc:2    | Bought a potion of berserk rage for 80 gold pieces
 17778 | Orc:2    | WhatIsLove: drop that dagger dawg, you ain't no vinestalker, b.
 17778 | Orc:2    | WhatIsLove: don't play with antimagic
 17778 | Orc:2    | WhatIsLove: lol
 17778 | Orc:2    | Chiseanne: lol
 17779 | Orc:2    | Chiseanne: true dat
 17787 | Orc:2    | WhatIsLove: i gotchu home boi
 17830 | Orc:2    | Chiseanne: hehe
 17892 | Orc:2    | Vajrapani: I'm pretty jealous, I can't even get casters to lair most of the time
 17894 | Orc:2    | Chiseanne: the game is an ass! its not really you
 17894 | Orc:2    | Chiseanne: it takes any given opportunity to get you killed
 17901 | Orc:2    | Vajrapani: yep, constant gnoll packs on D:2 spawn whenever i roll a caster
 17901 | Orc:2    | Chiseanne: I need like 10-20 tries to get here too
 17901 | Orc:2    | Chiseanne: avoiding them and leaving the level is always an option ;-) ..but nooo theres this goddamn thing called pride lol
 17909 | Orc:2    | Vajrapani: yep
 17933 | Orc:2    | Chiseanne: you have to forget about that..Im getting there...ond day...hopefully ;-D
 17946 | Orc:2    | Found Bocee's Food Shop.
 18017 | Orc:2    | Found a staircase to the Elven Halls.
 18598 | Orc:2    | Bought a potion of curing for 48 gold pieces
 18598 | Orc:2    | Bought a potion of agility for 64 gold pieces
 18735 | D:11     | Chiseanne: trie minotaur berserker already Vai?
 18800 | D:11     | Vajrapani: yeah but its too easy
 18803 | D:11     | Chiseanne: ok :D
 18803 | D:11     | Chiseanne: thought because you where complaining not getting into lair thi would be a good char
 18827 | D:11     | Chiseanne: oh you meant caster right?
 18827 | D:11     | Vajrapani: yea
 18827 | D:11     | Chiseanne: yeah ok
 18827 | D:11     | Vajrapani: best i got was vaults with 2 runes
 18827 | D:11     | Vajrapani: then i got ganked
 18827 | D:11     | Chiseanne: thats not bad
 18827 | D:11     | Vajrapani: :(
 18827 | D:11     | Chiseanne: thats just normal
 18827 | D:11     | Vajrapani: i had crystal plate armor spawn of d:2 in that game
 18827 | D:11     | Chiseanne: click my name and see the miserable % and you know that Im right haha
 18827 | D:11     | Vajrapani: thought it was a win for sure
 18827 | D:11     | Vajrapani: lol, that's alot of DsWz attempts
 18827 | D:11     | Chiseanne: nah it makes you slow until you are probperly trained in armour also it has no resistances
 18827 | D:11     | Chiseanne: haha
 18827 | D:11     | Chiseanne: I love them!
 18852 | D:11     | Vajrapani: 21 wins is pretty amazing
 18859 | D:11     | Chiseanne: there are very good players out there with 5% or more to win ratio
 18859 | D:11     | Chiseanne: so 21 wins from 7.6k games is crappy lol
 18926 | D:11     | Chiseanne: but thank you for the flowers ;-)
 18927 | D:11     | Found a staircase to the Lair.
 18991 | D:11     | Reached skill level 8 in Invocations
 19032 | D:11     | Vajrapani: is it time for a rune branch after completing dungeon?
 19037 | D:11     | Chiseanne: usually you go there first before decending to d:15
 19037 | D:11     | Vajrapani: oh
 19037 | D:11     | Chiseanne: you go lair - maybe orc after that to get your gear up and then do rune branches
 19037 | D:11     | Chiseanne: then down to 15 or vaults
 19037 | D:11     | Chiseanne: the dungeon no is significantly more dangerous below d:10 or 11
 19037 | D:11     | Chiseanne: vampires, caclops and ugly things make it hard
 19037 | D:11     | Chiseanne: after you finished runes you are probably good to go further down tho
 19037 | D:11     | Vajrapani: ah i see
 19037 | D:11     | Chiseanne: rune branches whatsoever are pretty badass
 19037 | D:11     | Vajrapani: shoals always kicks my ass
 19037 | D:11     | Chiseanne: and they have a tendency to get you killed
 19037 | D:11     | Chiseanne: same
 19037 | D:11     | Chiseanne: shoals is the worst
 19037 | D:11     | Chiseanne: water, if not than you will find a water nymph for sure, a lot of pointy sticks thrown at you, caster , cyclops, harpies..evil area
 19057 | D:11     | Chiseanne: sometimes I just get one rune then vaults to get xp and hopefully some gear..depends on the char tho
 19151 | D:11     | Reached skill level 5 in Translocations
 19230 | D:11     | WhatIsLove: but remember to have your invisibility as a backaway plan, almost nobody can see you. And absolutely noone can see invisible at swamps. All nagas can.
 19248 | D:11     | Chiseanne: ok yes thx
 19271 | D:11     | WhatIsLove: Chi...
 19271 | D:11     | WhatIsLove: You should already know all that
 19271 | D:11     | WhatIsLove: I was like explaining to Vaj
 19271 | D:11     | WhatIsLove: lol
 19271 | D:11     | Chiseanne: I never really played dith
 19271 | D:11     | Chiseanne: lol
 19271 | D:11     | Chiseanne: so I am learning haha
 19283 | D:11     | WhatIsLove: but did you know about the general areas
 19285 | D:11     | WhatIsLove: lol
 19285 | D:11     | Chiseanne: yes yes :P
 19288 | D:11     | WhatIsLove: and the usefulness of invis
 19308 | D:11     | WhatIsLove: so goood to have on cloak
 19329 | D:11     | WhatIsLove: just evoke wherever you want
 19573 | Lair:1   | Entered Level 1 of the Lair of Beasts
 19634 | Lair:1   | Learned a level 3 spell: Regeneration
 19741 | Lair:2   | Chiseanne: if I had invis I would abuse the hell out of it
 19749 | Lair:2   | Reached skill level 1 in Evocations
 19760 | Lair:2   | WhatIsLove: ooooh hell yea, that's what im on about. Abuse the living hellish shit out of it.
 19763 | Lair:2   | Chiseanne: :D
 20137 | Lair:2   | Noticed Urug
 20141 | Lair:2   | Killed Urug
 20141 | Lair:2   | Reached skill level 9 in Invocations
 20353 | Lair:3   | Found a hole to the Spider Nest.
 20355 | Lair:3   | Reached XP level 13. HP: 100/100 MP: 15/20
 20651 | Lair:3   | Got a pitted leather armour
 20652 | Lair:3   | Identified the +1 leather armour of the Eight Hells {rElec rF- MR+} (You found it on level 3 of the Lair of Beasts)
 21034 | Lair:3   | Reached skill level 10 in Invocations
 21041 | Lair:3   | WhatIsLove: poor guy had only 50 games lol
 21041 | Lair:3   | Chiseanne: hehe we all started there
 21041 | Lair:3   | Chiseanne: did he die?
 21043 | Lair:3   | WhatIsLove: lol
 21045 | Lair:3   | WhatIsLove: i dont know
 21045 | Lair:3   | Chiseanne: ah thought you where watching his game
 21207 | Lair:4   | WhatIsLove: nah, just... can you feel his sense of exploring? Isn't that's great to play crawl unspoilered lol
 21207 | Lair:4   | Chiseanne: :D so true
 21207 | Lair:4   | Chiseanne: oh lately I found some loot in a room actually..guarded by a pl of orcs and goblins
 21207 | Lair:4   | Chiseanne: that was quite nice
 21207 | Lair:4   | WhatIsLove: never knows
 21207 | Lair:4   | Chiseanne: you know? I didnt just find it strewn over the floor somewhere..no in a room
 21207 | Lair:4   | Chiseanne: guarded so I had to fight for it
 21207 | Lair:4   | Chiseanne: gone...
 21219 | Lair:4   | Found a staircase to the Shoals.
 21249 | Lair:4   | WhatIsLove: uuugh, your title is too cheesy
 21262 | Lair:4   | Chiseanne: lol I kninda like it
 21262 | Lair:4   | Chiseanne: kinda
 21262 | Lair:4   | WhatIsLove: ofcourse, you are just enjoying your fullstealth
 21262 | Lair:4   | Chiseanne: YASSSSSSS!
 21290 | Lair:4   | WhatIsLove: to be honest it fits you
 21302 | Lair:4   | WhatIsLove: because you restricted the view with darkness
 21302 | Lair:4   | WhatIsLove: lol
 21302 | Lair:4   | Chiseanne: yes I feel like its appropriate too
 21342 | Lair:4   | Chiseanne: :D book of power
 21342 | Lair:4   | Chiseanne: hmm
 21342 | Lair:4   | Chiseanne: how tempting is that, huh?
 21652 | Lair:4   | Chiseanne: I feel like cheating
 21652 | Lair:4   | WhatIsLove: ok good luck
 21652 | Lair:4   | WhatIsLove: or try to play more defensively lol
 21652 | Lair:4   | Chiseanne: ty..hope to see you soon again
 21652 | Lair:4   | Chiseanne: haha
 21652 | Lair:4   | WhatIsLove: bye lol
 21652 | Lair:4   | Chiseanne: ok I will consider it :D
 21723 | Lair:5   | Reached skill level 5 in Evocations
 22032 | Lair:5   | Reached skill level 11 in Invocations
 22039 | Lair:5   | Noticed Snorg
 22060 | Lair:5   | Killed Snorg
 22094 | Lair:6   | Entered Level 6 of the Lair of Beasts
 22172 | Lair:6   | Learned a level 2 spell: Song of Slaying
 22212 | Lair:6   | Reached skill level 12 in Invocations
 23439 | Lair:5   | Reached skill level 5 in Short Blades
 23720 | Lair:6   | Found a staircase to the Slime Pits.
 23720 | Lair:6   | Found a viscous altar of Jiyva.
 24217 | Lair:6   | Gained mutation: You sometimes gain power by taking damage. [demonic ancestry]
 24217 | Lair:6   | Reached XP level 14. HP: 106/106 MP: 23/23
 24571 | Lair:6   | Learned a level 2 spell: Shroud of Golubria
 26046 | Shoals:1 | Entered Level 1 of the Shoals
 26256 | Shoals:2 | Reached skill level 10 in Short Blades
 26817 | Shoals:1 | Reached skill level 1 in Armour
 26848 | Shoals:2 | Reached skill level 5 in Spellcasting
 27934 | Shoals:4 | Entered Level 4 of the Shoals
 27955 | Shoals:4 | Noticed Ilsuiw
 28372 | Shoals:3 | HP: 5/106 [satyr/arrow (16)]
 28372 | Shoals:3 | Slain by a faun

Skill      XL: |  1  2  3  4  5  6  7  8  9 10 11 12 13 14 |
---------------+-------------------------------------------+-----
Conjurations   | 2 |  2.8
Dodging        | 2 3 4 6 7 8 9 |  9.6
Stealth        | 2 3 5 6 7 8 9 |  9.8
Short Blades   | 1 2 3 6 10 | 10.0
Fighting       | 2 5 6 7 8 |  8.8
Poison Magic   | 2 4 5 |  5.5
Air Magic      | 2 4 6 |  6.5
Spellcasting   | 4 6 |  6.8
Translocations | 4 6 7 |  7.2
Invocations    | 9 12 | 12.8
Evocations     | 3 5 |  5.3
Armour         | 4 |  4.0
Summonings     | |  1.0

Action                   |  1- 3 |  4- 6 |  7- 9 | 10-12 | 13-15 || total
-------------------------+-------+-------+-------+-------+-------++-------
Melee: Unarmed           |     8 |       |       |       |       ||     8
       Short sword       |    10 |       |       |       |       ||    10
       Dagger            |    24 |   148 |   355 |   745 |   801 ||  2073
       Rapier            |       |       |    26 |    10 |    35 ||    71
       Flail             |       |       |    21 |    31 |       ||    52
       Morningstar       |       |       |     9 |       |       ||     9
 Fire: Blowgun           |       |       |       |     5 |    35 ||    40
       Shortbow          |       |       |       |     3 |    15 ||    18
Throw: Javelin           |       |       |     7 |     4 |       ||    11
 Cast: Magic Dart        |    80 |     8 |    61 |    46 |       ||   195
       Mephitic Cloud    |       |     3 |    19 |   104 |   140 ||   266
       Blink             |       |       |    22 |    53 |    28 ||   103
       Repel Missiles    |       |       |     1 |     2 |       ||     3
       Shroud of Golubri |       |       |       |       |     2 ||     2
Invok: Shadow Step       |       |       |       |     2 |     4 ||     6
       Shadow Form       |       |       |       |       |     3 ||     3
Evoke: Wand              |       |       |     8 |     9 |    11 ||    28
  Use: Scroll            |     4 |     9 |     5 |    11 |    10 ||    39
       Potion            |     2 |       |     9 |     1 |     5 ||    17
 Stab: Sleeping          |     1 |    20 |    20 |    88 |    30 ||   159
       Distracted        |       |     3 |       |     8 |    10 ||    21
       Confused          |       |     1 |     5 |    32 |    71 ||   109
       Petrified         |       |       |       |       |     4 ||     4
       Paralysed         |       |       |       |       |     3 ||     3
  Eat: Chunk             |     3 |    11 |    16 |    28 |    26 ||    84
       Beef jerky        |       |       |     2 |       |     1 ||     3
       Pizza             |       |       |     1 |       |       ||     1
       Bread ration      |       |       |       |     2 |     1 ||     3
Armor: Robe              |    17 |     3 |       |     6 |       ||    26
       Leather armour    |       |    12 |    48 |    56 |   120 ||   236
Dodge: Dodged            |    57 |    86 |   458 |   715 |  1056 ||  2372
       Deflected         |       |       |     1 |     2 |     4 ||     7
